 Dungeon Crawl Stone Soup version 0.29.1-15-g9cfb28693d (webtiles) character file.

Game seed: 13431776907095606556

528 Jinky the Shooter (level 7, -2/57 HPs)
             Began as a White Draconian Hunter on Mar 11, 2023.
             Was a Follower of Ru.
             Slain by an ice beast (5 damage)
             ... on level 5 of the Dungeon.
             The game lasted 00:23:06 (5222 turns).

Jinky the Shooter (White Draconian Hunter)          Turns: 5222, Time: 00:23:06

Health: -2/57      AC:  6    Str: 13    XL:     7   Next: 3%
Magic:  6/9        EV: 12    Int: 12    God:    Ru [*.....]
Gold:   278        SH:  0    Dex: 14    Spells: 6/9 levels left

rFire   + . .      SeeInvis .   b - +3 quarterstaff (chaos)
rCold   + . .      Faith    .   (shield currently unavailable)
rNeg    . . .      Spirit   .   (body armour unavailable)
rPois   +          Reflect  .   (helmet restricted)
rElec   .          Harm     .   (no cloak)
rCorr   .          Rampage  .   (no gloves)
Will    .....                   (no boots)
Stlth   ++........              (no amulet)
HPRegen 0.19/turn               g - ring of protection from cold
MPRegen 0.11/turn               h - ring of fire

@: hasted, very quick
A: breathe frost, AC +6, unfitting armour, cold resistance 1, cold-blooded, no
air magic, no conjurations magic, no hexes magic, claws 1, horns 1, poison
resistance, no potion heal 1
a: Breathe Frost, Renounce Religion


You were on level 5 of the Dungeon.
You worshipped Ru.
Ru was aware of your devotion.
You visited 1 branch of the dungeon, and saw 5 of its levels.

You collected 278 gold pieces.

Inventory:

Hand Weapons
 b - a +3 quarterstaff of chaos (weapon)
 m - the +5 sling of the End of Times {vorpal, rPois Int+5}
   (You found it on level 3 of the Dungeon)

   Any ammunition fired from it inflicts extra damage upon your enemies.
   Int:       It affects your intelligence (+5).
   rPois:     It protects you from poison.
Jewellery
 g - a ring of protection from cold (left claw)
 h - a ring of fire (right claw)
Wands
 s - a wand of charming (5)
Scrolls
 f - a scroll of summoning
 k - a scroll of teleportation
 n - a scroll of enchant armour {unknown}
 o - a scroll of butterflies {unknown}
 q - 2 scrolls of noise {unknown}
Potions
 a - a potion of heal wounds {unknown}
 c - 2 potions of mutation
 d - 2 potions of resistance {unknown}
 e - a potion of degeneration
 j - a potion of brilliance
 l - 2 potions of curing {unknown}
 p - a potion of flight {unknown}
 r - a potion of attraction {unknown}
 t - a potion of magic {unknown}


   Skills:
 * Level 3.0 Fighting
 * Level 1.5 Short Blades
 * Level 1.1(1.4) Polearms
 * Level 1.1(1.4) Staves
 * Level 5.4 Ranged Weapons
 * Level 2.4 Dodging
 * Level 1.9 Stealth
 * Level 1.6 Unarmed Combat
 * Level 1.6 Spellcasting
 * Level 1.4 Ice Magic
 * Level 1.0 Earth Magic
 * Level 0.1 Evocations


You had 6 spell levels left.
You knew the following spells:

 Your Spells              Type           Power      Damage    Failure   Level
a - Ensorcelled Hibernat  Hex/Ice        4%         N/A       32%         2
b - Sandblast             Erth           6%         2d5       19%         1

Your spell library contained the following spells:

 Spells                   Type           Power      Damage    Failure   Level
 Passwall                 Tmut/Erth      1%         N/A       34%         2
 Stone Arrow              Conj/Erth      Unusable   3d7       N/A         3
 Confusing Touch          Hex            Unusable   N/A       N/A         3
 Swiftness                Air            Unusable   N/A       N/A         3
 Yara's Violent Unravell  Hex/Tmut       Unusable   3d3       N/A         5
 Enfeeble                 Hex            Unusable   N/A       N/A         7

Dungeon Overview and Level Annotations

Branches:
Dungeon (5/15)
 Temple: D:4-7

Altars:
Ashenzari
Elyvilon
Qazlal
Ru
Zin


Innate Abilities, Weirdness & Mutations

You can breathe waves of freezing cold which knock back foes.
Your icy white scales are hard. (AC +6)
You cannot fit into any form of body armour.
Your flesh is cold resistant. (rC+)
You are cold-blooded and may be slowed by cold attacks.
You cannot study or cast Air magic.
You cannot study or cast Conjurations magic.
You cannot study or cast Hexes magic.
You have sharp fingernails.
You have a pair of small horns on your head.
Your system is resistant to poisons. (rPois)
Potions are less effective at restoring your health.


Message History

Confirm with . or Enter, or press ? or * to list all spells.
Aiming: Sandblast (safe; 13% risk of failure)
Press: ? - help, Shift-Dir - straight line, f/p - ice beast
Aim: an ice beast (moderately wounded, 81% to hit)
The blast of sand hits the ice beast but does no damage.
The ice beast is moderately wounded.
The ice beast hits you. The ice beast freezes you. You resist.
The ice beast closely misses you.
Your +3 quarterstaff of chaos is briefly surrounded by a scintillating aura of random colours.
b - a +3 quarterstaff of chaos (weapon)
You closely miss the ice beast.
You headbutt the ice beast, but do no damage.
The ice beast is moderately wounded.
The ice beast hits you. The ice beast freezes you. You resist.
You sock the ice beast!
The ice beast goes berserk!
You headbutt the ice beast, but do no damage.
Your tail-slap misses the ice beast.
The ice beast is severely wounded.
The ice beast hits you but does no damage.
The ice beast hits you. The ice beast freezes you. You resist.
You hit the ice beast but do no damage.
The ice beast flickers and vanishes!
Deactivating autopickup; reactivate with Ctrl-A.
Something barely misses you. Something hits you. Something freezes you.
You resist.
You closely miss something. You headbutt something.
Something completely misses you. Something hits you.
* * * LOW HITPOINT WARNING * * *
Something freezes you. You resist.
* * * LOW HITPOINT WARNING * * *
You feel yourself speed up. Something hits you but does no damage.
You hit something.
Nothing appears to happen.
Something hits you but does no damage. Something hits you.
* * * LOW HITPOINT WARNING * * *
Something freezes you. You resist.
* * * LOW HITPOINT WARNING * * *
You closely miss something. Your headbutt misses something.
Your tail-slap misses something.
Something hits you.
* * * LOW HITPOINT WARNING * * *
Something freezes you. You resist.
You die...

#.##.#.##.#.####.##.#.#
#.##.#....#.####.##.#.#
#.##.#...........##...)
#.##.#.####.#######...#
#.##.#..............#.#
#.##.######.####....#.#
#.#.........# #.......
#.############ #.#..#.#
#.....@{......(.>#..#.#
################....#.#
#.#..#..
########.#..#..
#...........#..
#..............
#..............
#.........##..#
#..............


There were no monsters in sight!

Vanquished Creatures
  A scorpion (D:4)
  3 hounds (D:5)
  A jelly (D:5)
  2 orc priests (D:5)
  Crazy Yiuf (D:3)
  3 orc wizards (D:5)
  7 adders
  3 gnolls (D:4)
  3 worms
  3 dart slugs
  7 orcs
  7 bats
  5 endoplasms
  2 giant cockroaches (D:4)
  2 hobgoblins
  8 jackals
  5 quokkas
  5 ball pythons
  6 frilled lizards
  5 goblins
  5 kobolds
  5 rats
89 creatures vanquished.

Notes
Turn   | Place    | Note
-------+----------+-------------------------------------------
     0 | D:1      | Jinky the Draconian Hunter began the quest for the Orb.
     0 | D:1      | Reached XP level 1. HP: 17/17 MP: 1/1
    51 | D:1      | Gained mutation: Potions are less effective at restoring
                  | your health. [potion of mutation]
    51 | D:1      | Gained mutation: You have sharp fingernails. [potion of
                  | mutation]
    51 | D:1      | Gained mutation: You have a pair of small horns on your
                  | head. [potion of mutation]
    51 | D:1      | Gained mutation: Your system is resistant to poisons.
                  | (rPois) [potion of mutation]
   441 | D:1      | Reached XP level 2. HP: 24/24 MP: 2/2
   520 | D:2      | Reached skill level 4 in Ranged Weapons
   567 | D:2      | Reached skill level 1 in Stealth
   639 | D:2      | Reached XP level 3. HP: 30/30 MP: 3/3
  1004 | D:3      | Found a sacrificial altar of Ru.
  1007 | D:3      | Found a glowing silver altar of Zin.
  1014 | D:3      | Found a broken altar of Ashenzari.
  1038 | D:3      | Reached XP level 4. HP: 37/37 MP: 4/4
  1568 | D:3      | Became a worshipper of Ru the Awakened
  1648 | D:4      | Learned a level 2 spell: Ensorcelled Hibernation
  1733 | D:4      | Found a stormy altar of Qazlal.
  2116 | D:4      | Noticed a scorpion
  2128 | D:4      | Killed a scorpion
  2129 | D:4      | Reached skill level 5 in Ranged Weapons
  2129 | D:4      | Reached skill level 1 in Unarmed Combat
  2129 | D:4      | Reached skill level 1 in Spellcasting
  2129 | D:4      | Reached XP level 5. HP: 27/42 MP: 1/6
  2459 | D:5      | Entered Level 5 of the Dungeon
  2982 | D:3      | Found a runed translucent door.
  2983 | D:3      | Noticed Crazy Yiuf
  2991 | D:3      | Killed Crazy Yiuf
  3016 | D:3      | Identified the +5 sling of the End of Times {vorpal, rPois
                  | Int+5}
  3381 | D:2      | Gained mutation: You cannot study or cast Air magic. [Ru
                  | sacrifice]
  3381 | D:2      | Gained mutation: You cannot study or cast Hexes magic. [Ru
                  | sacrifice]
  3381 | D:2      | Gained mutation: You cannot study or cast Conjurations
                  | magic. [Ru sacrifice]
  3381 | D:2      | Reached * piety under Ru
  3978 | D:1      | Learned a level 1 spell: Sandblast
  4101 | D:1      | Reached skill level 1 in Short Blades
  4420 | D:5      | Reached XP level 6. HP: 50/50 MP: 7/7
  4426 | D:5      | Found a white marble altar of Elyvilon.
  4589 | D:5      | Reached skill level 1 in Polearms
  4593 | D:5      | Reached skill level 1 in Ice Magic
  4906 | D:5      | Reached skill level 1 in Staves
  4906 | D:5      | Reached skill level 1 in Earth Magic
  4989 | D:5      | Your scales start taking on an icy white colour.
  4989 | D:5      | Reached XP level 7. HP: 44/57 MP: 0/9
  4989 | D:5      | Gained mutation: Your flesh is cold resistant. (rC+) [White
                  | Draconian growth]
  5222 | D:5      | Slain by an ice beast

Illustrated notes

Levels and vault maps discovered:
D:1:      matt_arrival_diagonals, layout_basic, kennysheep_pointless_box
D:2:      layout_basic, minmay_octomino_j4
D:3:      layout_basic, nicolae_overflow_hidden_temple, uniq_crazy_yiuf_cottage
D:4:      layout_loops_ring, mainiacjoe_overflow_brackets
D:5:      layout_basic, mainiacjoe_overflow_catwalk, st_stairs_12

Skill      XL: |  1  2  3  4  5  6 |
---------------+-------------------+-----
Ranged Weapons | 4 5 |  5.4
Stealth        | 1 |  1.9
Dodging        | 2 |  2.4
Unarmed Combat | 1 |  1.6
Spellcasting   | 1 |  1.6
Short Blades   | 1 |  1.5
Fighting       | 3 |  3.0
Polearms       | 1 |  1.1
Ice Magic      | 1 |  1.4
Staves         | 1 |  1.1
Earth Magic    | 1 |  1.0
Evocations     | |  0.1

Action                   |  1- 3 |  4- 6 |  7- 9 || total
-------------------------+-------+-------+-------++-------
Melee: Spear             |    21 |       |       ||    21
       Tailslap          |     4 |     3 |       ||     7
       Headbutt          |     3 |     7 |     3 ||    13
       Short sword       |    16 |    20 |       ||    36
       Quarterstaff      |       |    42 |     6 ||    48
       Sling             |       |     4 |       ||     4
 Fire: Shortbow          |    72 |    39 |       ||   111
       Sling             |       |    48 |     3 ||    51
 Cast: Ensorcelled Hiber |       |     1 |       ||     1
       Sandblast         |       |    24 |     4 ||    28
Invok: Sacrifice Arcana  |       |     1 |       ||     1
  Use: Scroll            |     5 |     3 |       ||     8
       Potion            |     1 |     1 |     1 ||     3
Armor: Skin              |    22 |    47 |     4 ||    73
Dodge: Dodged            |    45 |    75 |     5 ||   125
